General information
- name: BNet
- type: Ladder team game (AT/RT)
- host: Battle.net
- saver: Blahsmack
map: RiceFields
- players: 6
- length: 40:53
- speed: Fast
- version: 1.21 W3XP
- replay type: Public
» download(168 KB)
Players
team 1 (winner)
Tokyodrift15 (
purple | 8 APM | 339 actions | 40:49)
2 Dreadlord
1 Carrion Swarm
1 Sleep
» actions
| Build / train | 22 | |
| Enter build submenu | 18 | |
| Enter hero's abilities submenu | 2 | |
| Right click | 148 | |
| Select / deselect | 131 | |
| Use ability | 18 | |
339 total
» units
| Ghoul | 2 | |
| Gargoyle | 1 | |
| Crypt Fiend | 1 | |
| Frost Wyrm | 9 | |
13 total
» upgrades
| Creature Attack | 1 | |
| Creature Carapace | 1 | |
2 total
» buildings
| Crypt | 1 | |
| Altar of Darkness | 2 | |
| Ziggurat | 6 | |
| Halls of the Dead | 1 | |
| Graveyard | 1 | |
| Sacrificial Pit | 1 | |
| Black Citadel | 1 | |
| Spirit Tower | 2 | |
| Boneyard | 1 | |
16 total
» build order
00:07 Crypt
00:10 Altar of Darkness
00:18 Altar of Darkness
01:33 Ziggurat
02:35 Halls of the Dead
02:51 Graveyard
05:05 Sacrificial Pit
08:41 Black Citadel
08:50 Spirit Tower
08:58 Ziggurat
09:02 Ziggurat
09:15 Ziggurat
11:41 Boneyard
16:37 Spirit Tower
16:48 Ziggurat
17:47 Ziggurat

»
pi_loca (
yellow | 23 APM | 675 actions | 29:14)
3 Warden
2 Fan of Knives
1 Shadow Strike
4 Demon Hunter
2 Evasion
2 Mana Burn
» actions
| Basic commands | 33 | |
| Build / train | 90 | |
| Enter build submenu | 35 | |
| Enter hero's abilities submenu | 7 | |
| Give item / drop item | 1 | |
| Remove unit from queue | 6 | |
| Right click | 193 | |
| Select / deselect | 247 | |
| Use ability | 63 | |
675 total
» units
| Wisp | 35 | |
| Huntress | 13 | |
| Dryad | 6 | |
| Chimaera | 8 | |
62 total
» upgrades
| Upgrade Moon Glaive | 1 | |
| Strength of the Moon | 2 | |
| Moon Armor | 2 | |
| Abolish Magic | 1 | |
| Strength of the Wild | 0 | |
| Reinforced Hides | 0 | |
| Well Spring | 1 | |
| Corrosive Breath | 1 | |
8 total
» buildings
| Altar of Elders | 2 | |
| Moon Well | 10 | |
| Ancient of War | 1 | |
| Hunter's Hall | 1 | |
| Ancient Protector | 12 | |
| Tree of Ages | 1 | |
| Tree of Eternity | 1 | |
| Tree of Life | 3 | |
| Ancient of Lore | 1 | |
| Ancient of Wind | 1 | |
| Chimaera Roost | 2 | |
35 total
» build order
00:16 Altar of Elders
00:25 Moon Well
00:59 Ancient of War
01:39 Hunter's Hall
02:02 Moon Well
03:06 Ancient Protector
03:12 Moon Well
03:52 Tree of Ages
04:17 Ancient Protector
06:29 Tree of Eternity
07:48 Tree of Life
07:53 Ancient Protector
07:57 Ancient Protector
08:06 Moon Well
09:16 Ancient Protector
09:50 Ancient of Lore
09:55 Ancient Protector
10:00 Ancient Protector
12:21 Moon Well
13:37 Ancient Protector
13:39 Ancient Protector
14:23 Ancient of Wind
15:53 Chimaera Roost
15:58 Chimaera Roost
16:08 Moon Well
16:12 Moon Well
16:28 Moon Well
20:36 Ancient Protector
20:42 Ancient Protector
20:49 Ancient Protector
24:19 Tree of Life
25:20 Altar of Elders
25:24 Moon Well
25:27 Moon Well
27:08 Tree of Life
» items
| Scroll of Town Portal | 2 | |
| Potion of Healing | 1 | |
3 total
Blahsmack (
orange | 53 APM | 2170 actions | 40:53)
9 Blood Mage
3 Flame Strike
2 Siphon Mana
1 Summon Phoenix
3 Banish
» actions
| Basic commands | 150 | |
| Build / train | 224 | |
| Enter build submenu | 38 | |
| Enter hero's abilities submenu | 9 | |
| Give item / drop item | 1 | |
| Remove unit from queue | 1 | |
| Right click | 737 | |
| Select / deselect | 622 | |
| Use ability | 388 | |
2170 total
» units
| Peasant | 28 | |
| Sorceress | 10 | |
| Mortar Team | 12 | |
| Gryphon Rider | 12 | |
62 total
» upgrades
| Masonry | 3 | |
| Lumber Harvesting | 2 | |
| Magic Sentry | 1 | |
| Sorceress Training | 2 | |
| Cloud | 1 | |
| Gunpowder | 3 | |
| Swords | 4 | |
| Armor | 5 | |
| Flare | 1 | |
| Fragmentation Shards | 2 | |
| Storm Hammers | 1 | |
25 total
» buildings
| Town Hall | 5 | |
| Lumber Mill | 4 | |
| Altar of Kings | 1 | |
| Scout Tower | 80 | |
| Farm | 14 | |
| Arcane Vault | 1 | |
| Guard Tower | 105 | |
| Blacksmith | 2 | |
| Keep | 1 | |
| Arcane Sanctum | 2 | |
| Castle | 1 | |
| Gryphon Aviary | 3 | |
| Workshop | 2 | |
221 total
» build order
01:14 Town Hall
02:20 Lumber Mill
02:58 Altar of Kings
03:02 Scout Tower
03:06 Scout Tower
03:12 Scout Tower
03:20 Farm
03:23 Farm
03:39 Arcane Vault
04:00 Guard Tower
04:00 Guard Tower
04:10 Guard Tower
04:22 Blacksmith
05:01 Keep
05:11 Farm
05:16 Farm
05:26 Farm
05:27 Farm
05:29 Farm
05:46 Farm
05:47 Farm
05:49 Farm
07:20 Town Hall
07:23 Scout Tower
07:24 Scout Tower
07:25 Scout Tower
07:26 Scout Tower
07:27 Scout Tower
07:28 Scout Tower
07:29 Scout Tower
07:29 Scout Tower
07:30 Scout Tower
07:31 Scout Tower
07:32 Scout Tower
07:34 Scout Tower
07:36 Scout Tower
07:37 Scout Tower
07:38 Scout Tower
07:39 Scout Tower
07:40 Scout Tower
07:41 Scout Tower
07:42 Scout Tower
07:43 Scout Tower
07:44 Scout Tower
07:45 Scout Tower
07:46 Scout Tower
07:46 Scout Tower
08:01 Guard Tower
08:01 Guard Tower
08:01 Guard Tower
08:16 Guard Tower
08:16 Guard Tower
08:17 Guard Tower
08:25 Guard Tower
08:25 Guard Tower
08:25 Guard Tower
08:37 Arcane Sanctum
08:42 Guard Tower
08:42 Guard Tower
08:43 Guard Tower
08:57 Guard Tower
08:57 Guard Tower
08:57 Guard Tower
09:11 Guard Tower
09:17 Guard Tower
09:17 Guard Tower
09:23 Guard Tower
09:24 Guard Tower
09:24 Guard Tower
09:28 Guard Tower
09:28 Guard Tower
09:28 Guard Tower
09:31 Guard Tower
09:31 Guard Tower
09:31 Guard Tower
10:01 Guard Tower
10:02 Guard Tower
10:02 Guard Tower
10:23 Lumber Mill
10:45 Guard Tower
10:45 Guard Tower
11:24 Castle
11:31 Scout Tower
11:32 Scout Tower
11:32 Scout Tower
11:33 Scout Tower
11:34 Scout Tower
11:34 Scout Tower
11:39 Scout Tower
11:40 Scout Tower
11:41 Scout Tower
11:42 Scout Tower
11:43 Scout Tower
11:44 Scout Tower
11:50 Scout Tower
11:50 Scout Tower
11:51 Scout Tower
11:52 Scout Tower
11:53 Scout Tower
11:54 Scout Tower
12:01 Guard Tower
12:01 Guard Tower
12:01 Guard Tower
12:05 Guard Tower
12:05 Guard Tower
12:05 Guard Tower
12:10 Guard Tower
12:10 Guard Tower
12:10 Guard Tower
12:18 Guard Tower
12:19 Guard Tower
12:19 Guard Tower
12:49 Gryphon Aviary
12:50 Gryphon Aviary
13:01 Gryphon Aviary
13:19 Guard Tower
13:19 Guard Tower
13:26 Guard Tower
13:26 Guard Tower
13:27 Guard Tower
13:37 Guard Tower
13:37 Guard Tower
13:37 Guard Tower
13:49 Guard Tower
13:50 Guard Tower
13:50 Guard Tower
14:41 Workshop
15:03 Guard Tower
15:04 Guard Tower
15:04 Guard Tower
15:42 Guard Tower
15:49 Workshop
15:54 Blacksmith
16:31 Arcane Sanctum
16:37 Farm
16:37 Farm
16:40 Farm
16:42 Farm
17:20 Lumber Mill
17:24 Lumber Mill
22:17 Town Hall
22:21 Scout Tower
22:22 Scout Tower
22:23 Scout Tower
22:24 Scout Tower
22:24 Scout Tower
22:25 Scout Tower
22:27 Scout Tower
22:28 Scout Tower
22:29 Scout Tower
22:29 Scout Tower
22:30 Scout Tower
22:31 Scout Tower
22:32 Scout Tower
22:33 Scout Tower
22:34 Scout Tower
22:35 Scout Tower
23:05 Guard Tower
23:05 Guard Tower
23:05 Guard Tower
23:23 Guard Tower
23:23 Guard Tower
23:26 Guard Tower
23:26 Guard Tower
24:23 Guard Tower
24:24 Guard Tower
24:58 Guard Tower
26:12 Guard Tower
35:17 Scout Tower
35:17 Scout Tower
35:18 Scout Tower
36:04 Guard Tower
37:00 Scout Tower
37:01 Scout Tower
37:02 Scout Tower
37:03 Scout Tower
37:03 Scout Tower
37:04 Scout Tower
37:38 Guard Tower
37:40 Guard Tower
37:46 Guard Tower
37:46 Guard Tower
37:50 Scout Tower
37:51 Scout Tower
37:52 Scout Tower
37:52 Scout Tower
37:53 Scout Tower
37:55 Scout Tower
37:55 Scout Tower
37:56 Scout Tower
37:57 Scout Tower
37:57 Scout Tower
37:59 Guard Tower
37:59 Guard Tower
38:11 Town Hall
38:26 Guard Tower
38:42 Guard Tower
38:56 Guard Tower
39:05 Town Hall
39:14 Guard Tower
» items
| Scroll of Regeneration | 1 | |
| Lesser Clarity Potion | 1 | |
| Orb of Fire | 1 | |
| Potion of Healing | 4 | |
| Potion of Mana | 3 | |
| Scroll of Town Portal | 5 | |
15 total
team 2 (loser)

»
IceDragon356 (
green | 46 APM | 1129 actions | 24:31)
5 Keeper of the Grove
3 Force of Nature
2 Entangling Roots
» actions
| Basic commands | 31 | |
| Build / train | 52 | |
| Enter build submenu | 21 | |
| Enter hero's abilities submenu | 7 | |
| Remove unit from queue | 4 | |
| Right click | 518 | |
| Select / deselect | 459 | |
| Use ability | 33 | |
1129 total
» units
| Wisp | 6 | |
| Archer | 2 | |
| Huntress | 3 | |
| Dryad | 2 | |
| Druid of the Claw | 20 | |
33 total
» upgrades
| Strength of the Wild | 1 | |
| Druid of the Claw Training | 2 | |
| Mark of the Claw | 1 | |
4 total
» buildings
| Altar of Elders | 1 | |
| Moon Well | 11 | |
| Ancient of War | 1 | |
| Hunter's Hall | 1 | |
| Tree of Ages | 1 | |
| Ancient of Lore | 2 | |
| Tree of Eternity | 1 | |
18 total
» build order
00:07 Altar of Elders
00:08 Moon Well
00:27 Moon Well
01:04 Moon Well
01:25 Ancient of War
02:23 Hunter's Hall
03:27 Tree of Ages
05:50 Ancient of Lore
06:02 Ancient of Lore
07:24 Moon Well
07:26 Moon Well
09:10 Moon Well
10:11 Moon Well
11:59 Tree of Eternity
12:18 Moon Well
17:31 Moon Well
18:29 Moon Well
19:30 Moon Well

»
Kahless (
red | 23 APM | 936 actions | 40:48)
7 Archmage
3 Summon Water Elemental
3 Blizzard
1 Mass Teleport
3 Paladin
2 Devotion Aura
1 Divine Shield
» actions
| Basic commands | 110 | |
| Build / train | 155 | |
| Enter build submenu | 25 | |
| Enter hero's abilities submenu | 10 | |
| Remove unit from queue | 2 | |
| Right click | 215 | |
| Select / deselect | 350 | |
| Use ability | 69 | |
936 total
» units
| Peasant | 24 | |
| Footman | 6 | |
| Rifleman | 57 | |
| Mortar Team | 38 | |
| Flying Machine | 3 | |
128 total
» upgrades
| Gunpowder | 2 | |
| Long Rifles | 1 | |
| Lumber Harvesting | 1 | |
| Armor | 2 | |
| Swords | 1 | |
| Plating | 1 | |
8 total
» buildings
| Barracks | 2 | |
| Altar of Kings | 1 | |
| Farm | 11 | |
| Lumber Mill | 1 | |
| Blacksmith | 1 | |
| Keep | 1 | |
| Town Hall | 6 | |
| Arcane Sanctum | 1 | |
| Workshop | 1 | |
| Castle | 4 | |
29 total
» build order
00:08 Barracks
00:12 Altar of Kings
00:20 Farm
01:05 Lumber Mill
01:24 Farm
02:05 Farm
03:11 Barracks
03:54 Blacksmith
04:05 Farm
04:11 Keep
05:10 Farm
05:33 Farm
06:01 Farm
06:18 Farm
07:21 Town Hall
07:31 Arcane Sanctum
07:39 Workshop
09:56 Farm
10:38 Farm
12:24 Town Hall
16:23 Town Hall
16:44 Farm
19:50 Castle
19:50 Castle
19:50 Castle
29:46 Town Hall
31:16 Town Hall
34:28 Town Hall
yeh8mony (
pink | 67 APM | 2645 actions | 39:25)
9 Mountain King
3 Storm Bolt
2 Bash
3 Thunder Clap
1 Avatar
» actions
| Assign group hotkey | 31 | |
| Basic commands | 35 | |
| Build / train | 93 | |
| Enter build submenu | 41 | |
| Enter hero's abilities submenu | 9 | |
| Remove unit from queue | 4 | |
| Right click | 905 | |
| Select / deselect | 518 | |
| Select group hotkey | 955 | |
| Use ability | 54 | |
2645 total
» units
| Peasant | 16 | |
| Footman | 11 | |
| Rifleman | 18 | |
| Knight | 4 | |
| Siege Engine | 1 | |
| Mortar Team | 1 | |
| Flying Machine | 14 | |
65 total
» upgrades
| Gunpowder | 2 | |
| Long Rifles | 1 | |
| Armor | 1 | |
4 total
» buildings
| Farm | 14 | |
| Barracks | 4 | |
| Altar of Kings | 2 | |
| Scout Tower | 6 | |
| Arcane Tower | 1 | |
| Lumber Mill | 1 | |
| Blacksmith | 1 | |
| Keep | 3 | |
| Town Hall | 3 | |
| Guard Tower | 4 | |
| Castle | 2 | |
| Workshop | 1 | |
| Arcane Vault | 1 | |
43 total
» build order
00:22 Farm
00:38 Barracks
00:58 Altar of Kings
01:00 Farm
01:40 Scout Tower
01:57 Farm
02:31 Arcane Tower
02:37 Farm
02:47 Lumber Mill
03:37 Barracks
04:04 Blacksmith
04:46 Farm
05:17 Keep
06:07 Farm
08:03 Farm
08:22 Town Hall
09:29 Farm
11:37 Scout Tower
12:08 Guard Tower
12:10 Scout Tower
12:14 Castle
12:44 Guard Tower
12:49 Scout Tower
14:36 Guard Tower
14:39 Scout Tower
17:09 Farm
17:46 Workshop
20:09 Scout Tower
20:53 Guard Tower
20:59 Town Hall
26:39 Farm
26:41 Farm
27:34 Farm
27:35 Farm
27:59 Keep
29:36 Farm
29:53 Town Hall
31:03 Altar of Kings
33:57 Keep
34:39 Arcane Vault
36:31 Castle
36:41 Barracks
38:42 Barracks
Chat log
(03:33 / Allies) pi_loca: '''''
(03:36 / Allies) pi_loca: ?????
(05:17 / Allies) pi_loca: crrep
(08:46 / Allies) pi_loca: units orange???
(12:23 / Allies) Tokyodrift15: my plan is to only get the flying dragons
(12:32 / Allies) Tokyodrift15: but its taking a while
(12:37 / Allies) Tokyodrift15: lol
(12:42 / Allies) pi_loca: k
(13:12 / Allies) Blahsmack: ugggh
(14:19 / Allies) Blahsmack: lumber please
(16:57 / Allies) pi_loca: mine
(19:35 / Allies) pi_loca: rebuild
(20:53 / Allies) pi_loca: units orange
(21:01 / Allies) pi_loca: kill
(24:23 / Allies) pi_loca: gold please
(24:59 / Allies) pi_loca: gold please
(25:11 / Allies) pi_loca: you got 3000
(39:49 / Allies) Tokyodrift15: u so rule
(40:39 / All) Kahless: gg
(40:43 / All) Blahsmack: leave noob